TOP OF THE 1ST |
Burlington Bees batting - Pitching for Beloit Snappers : RHP Caleb Hansberger
|
Pitching: RHP Caleb Hansberger
|
|
Batting: RHB Peter Westover
|
0-0: Foul Ball, location: 2F 0-1: Ball 1-1: SINGLE (Groundball, 6M, EV 105.6 MPH) (infield hit)
|
Batting: RHB Dean LeCroy
|
0-0: Called Strike 0-1: Swinging Strike 0-2: Strikes out looking
|
Batting: LHB Pavla Markianov
|
0-0: Ball 1-0: Foul Ball, location: 2F 1-1: Ball 2-1: Foul Ball, location: 2F 2-2: Ball 3-2: SINGLE (Groundball, 56D, EV 95.6 MPH) Peter Westover to second Peter Westover to third
|
Batting: LHB Ramon Garduno
|
0-0: Ball Pavla Markianov is caught stealing 2nd base 2-6 1-0: Ball 2-0: Called Strike 2-1: Swinging Strike 2-2: Ball 3-2: Strikes out swinging
|
Top of the 1st over - 0 runs, 2 hits, 0 errors, 1 left on base; Burlington 0 - Beloit 0 |
BOTTOM OF THE 1ST |
Beloit Snappers batting - Pitching for Burlington Bees : RHP Hector Carrizales
|
Pitching: RHP Hector Carrizales
|
|
Batting: RHB Manny Moron
|
0-0: Foul Ball, location: 2F 0-1: Swinging Strike 0-2: Foul Ball, location: 2F 0-2: Fly out, F5 (Popup, 5SF, EV 70.0 MPH)
|
Batting: RHB Mike Gangi
|
0-0: Ball 1-0: Swinging Strike 1-1: Ball 2-1: Swinging Strike 2-2: Strikes out swinging
|
Batting: RHB Rafael Alarcon
|
0-0: Foul Ball, location: 2F 0-1: Ball 1-1: Ground out 6-3 (Groundball, 6, EV 108.1 MPH)
|
Bottom of the 1st over - 0 runs, 0 hits, 0 errors, 0 left on base; Burlington 0 - Beloit 0 |
TOP OF THE 2ND |
Burlington Bees batting - Pitching for Beloit Snappers : RHP Caleb Hansberger
|
Batting: LHB Alberto Carrillo
|
0-0: Ball 1-0: Called Strike 1-1: Ball 2-1: Foul Ball, location: 2F 2-2: DOUBLE (Line Drive, 5D, EV 100.0 MPH)
|
Batting: RHB Juan Rosa
|
0-0: Ball 1-0: Ball 2-0: DOUBLE (Flyball, 8LD, EV 83.1 MPH) Alberto Carrillo scores
|
Batting: RHB Rory Cobb
|
0-0: Called Strike 0-1: Foul Ball, location: 2F 0-2: Foul Ball, location: 2F 0-2: Foul Ball, location: 2F 0-2: Foul Ball, location: 2F 0-2: Foul Ball, location: 2F 0-2: 2-RUN HOME RUN (Flyball, 7LD, EV 90.6 MPH), Distance : 331 ft
|
Batting: RHB Dan Burkhart
|
0-0: Ball 1-0: Foul Ball, location: 2F 1-1: Swinging Strike 1-2: Foul Ball, location: 2F 1-2: Ball 2-2: Strikes out swinging
|
Batting: RHB David Rhodes
|
0-0: Called Strike 0-1: Swinging Strike 0-2: Ball 1-2: Strikes out swinging
|
Batting: RHB Peter Westover
|
0-0: Ball 1-0: Ball 2-0: Called Strike 2-1: Swinging Strike 2-2: Foul Ball, location: 2F 2-2: Strikes out swinging
|
Top of the 2nd over - 3 runs, 3 hits, 0 errors, 0 left on base; Burlington 3 - Beloit 0 |
BOTTOM OF THE 2ND |
Beloit Snappers batting - Pitching for Burlington Bees : RHP Hector Carrizales
|
Batting: RHB Chris Temple
|
0-0: Ball 1-0: Fly out, F4 (Line Drive, 4, EV 76.2 MPH)
|
Batting: RHB Walt Alaniz
|
0-0: Called Strike 0-1: Called Strike 0-2: Ball 1-2: Ball 2-2: Ball 3-2: Ground out 6-3 (Groundball, 6, EV 104.4 MPH)
|
Batting: RHB Shannon Beck
|
0-0: Foul Ball, location: 2F 0-1: Called Strike 0-2: Strikes out swinging
|
Bottom of the 2nd over - 0 runs, 0 hits, 0 errors, 0 left on base; Burlington 3 - Beloit 0 |
TOP OF THE 3RD |
Burlington Bees batting - Pitching for Beloit Snappers : RHP Caleb Hansberger
|
Batting: RHB Dean LeCroy
|
0-0: Ball 1-0: Called Strike 1-1: Ball 2-1: Foul Ball, location: 2F 2-2: Hit by Pitch
|
Batting: LHB Pavla Markianov
|
0-0: Ball 1-0: Foul Ball, location: 2F 1-1: Called Strike 1-2: Ball 2-2: Foul Ball, location: 2F 2-2: Ball 3-2: Strikes out swinging Dean LeCroy is caught stealing 2nd base 2-6 Batter strikes out.
|
Batting: LHB Ramon Garduno
|
0-0: Ball 1-0: Swinging Strike 1-1: Foul Ball, location: 2F 1-2: Foul Ball, location: 2F 1-2: Strikes out swinging
|
Top of the 3rd over - 0 runs, 0 hits, 0 errors, 0 left on base; Burlington 3 - Beloit 0 |
BOTTOM OF THE 3RD |
Beloit Snappers batting - Pitching for Burlington Bees : RHP Hector Carrizales
|
Batting: RHB Jason Dove
|
0-0: Called Strike 0-1: Ball 1-1: Ball 2-1: Swinging Strike 2-2: Ball 3-2: Strikes out swinging
|
Batting: RHB Moses Brokken
|
0-0: Ball 1-0: Ball 2-0: Ball 3-0: Called Strike 3-1: Swinging Strike 3-2: Foul Ball, location: 2F 3-2: Strikes out looking
|
Batting: RHB Tim Anderson
|
0-0: Foul Ball, location: 2F 0-1: Swinging Strike 0-2: Ball 1-2: Ball 2-2: Ground out 4-3 (Groundball, 4, EV 86.2 MPH)
|
Bottom of the 3rd over - 0 runs, 0 hits, 0 errors, 0 left on base; Burlington 3 - Beloit 0 |
TOP OF THE 4TH |
Burlington Bees batting - Pitching for Beloit Snappers : RHP Caleb Hansberger
|
Batting: LHB Alberto Carrillo
|
0-0: Swinging Strike 0-1: Ball 1-1: Ball 2-1: SOLO HOME RUN (Flyball, 9D, EV 95.0 MPH), Distance : 355 ft
|
Batting: RHB Juan Rosa
|
0-0: Called Strike 0-1: Foul Ball, location: 2F 0-2: Ball 1-2: Strikes out looking
|
Batting: RHB Rory Cobb
|
0-0: Called Strike 0-1: Ball 1-1: DOUBLE (Flyball, 8RXD, EV 111.9 MPH)
|
Pinch Runner at 2nd Davey Verhoog:
|
|
Batting: RHB Dan Burkhart
|
0-0: Called Strike 0-1: Called Strike 0-2: Fly out, F8 (Flyball, 8LM, EV 90.6 MPH)
|
Batting: RHB David Rhodes
|
0-0: Ball 1-0: Fly out, F7 (Flyball, 78S, EV 76.2 MPH)
|
Top of the 4th over - 1 run, 2 hits, 0 errors, 1 left on base; Burlington 4 - Beloit 0 |
BOTTOM OF THE 4TH |
Beloit Snappers batting - Pitching for Burlington Bees : RHP Hector Carrizales
|
Now in CF: Sean Rocha
|
|
Batting: RHB Manny Moron
|
0-0: Ball 1-0: Foul Ball, location: 2F 1-1: Ground out 6-3 (Groundball, 6S, EV 65.6 MPH)
|
Batting: RHB Mike Gangi
|
0-0: Foul Ball, location: 2F 0-1: Ball 1-1: Swinging Strike 1-2: Fly out, F9 (Flyball, 89S, EV 85.0 MPH)
|
Batting: RHB Rafael Alarcon
|
0-0: Ball 1-0: Ball 2-0: Called Strike 2-1: Called Strike 2-2: Ball 3-2: Foul Ball, location: 2F 3-2: Fly out, F8 (Flyball, 8LXD, EV 98.8 MPH)
|
Bottom of the 4th over - 0 runs, 0 hits, 0 errors, 0 left on base; Burlington 4 - Beloit 0 |
TOP OF THE 5TH |
Burlington Bees batting - Pitching for Beloit Snappers : RHP Caleb Hansberger
|
Batting: RHB Peter Westover
|
0-0: Called Strike 0-1: Ball 1-1: Foul Ball, location: 2F 1-2: Ground out 5-3 (Groundball, 56, EV 103.1 MPH)
|
Pitching: LHP Alex Shannon
|
|
Batting: RHB Dean LeCroy
|
0-0: Ball 1-0: Ball 2-0: Ground out 6-3 (Groundball, 6, EV 105.6 MPH)
|
Batting: LHB Pavla Markianov
|
0-0: Ball 1-0: Called Strike 1-1: Ball 2-1: Called Strike 2-2: Strikes out swinging
|
Top of the 5th over - 0 runs, 0 hits, 0 errors, 0 left on base; Burlington 4 - Beloit 0 |
BOTTOM OF THE 5TH |
Beloit Snappers batting - Pitching for Burlington Bees : RHP Hector Carrizales
|
Batting: RHB Chris Temple
|
0-0: Foul Ball, location: 2F 0-1: Swinging Strike 0-2: Foul Ball, location: 2F 0-2: Ground out 3-1 (Groundball, 34, EV 84.4 MPH)
|
DELAY
|
Rain delay of 58 minutes in the 5th inning.
|
Batting: RHB Walt Alaniz
|
0-0: Called Strike 0-1: Called Strike 0-2: Foul Ball, location: 2F 0-2: Foul Ball, location: 2F 0-2: Ball 1-2: Ball 2-2: SINGLE (Groundball, 3S, EV 68.8 MPH) (infield hit)
|
Pitching: RHP Devin Spears
|
|
Batting: RHB Shannon Beck
|
0-0: Called Strike 0-1: Foul Ball, location: 2F 0-2: Ball 1-2: Ball Walt Alaniz steals 2nd base 2-2: Foul Ball, location: 2F 2-2: Ground out 3-1 (Groundball, 34, EV 103.1 MPH) Walt Alaniz to third
|
Batting: RHB Jason Dove
|
0-0: Called Strike 0-1: DOUBLE (Groundball, 5L, EV 108.1 MPH) Walt Alaniz scores
|
Batting: RHB Moses Brokken
|
0-0: Ball 1-0: Swinging Strike 1-1: Ball 2-1: Ball 3-1: Base on Balls
|
Pinch Hitting: LHB Oscar Curiel
|
0-0: Ball 1-0: Called Strike 1-1: Called Strike 1-2: Strikes out looking
|
Bottom of the 5th over - 1 run, 2 hits, 0 errors, 2 left on base; Burlington 4 - Beloit 1 |
TOP OF THE 6TH |
Burlington Bees batting - Pitching for Beloit Snappers : LHP Alex Shannon
|
Now at SS: Emiel Schlepers
|
|
Batting: LHB Ramon Garduno
|
0-0: Called Strike 0-1: Swinging Strike 0-2: Foul Ball, location: 2F 0-2: Foul Ball, location: 2F 0-2: Ball 1-2: Ball 2-2: Foul Ball, location: 2F 2-2: Strikes out swinging
|
Batting: LHB Alberto Carrillo
|
0-0: Swinging Strike 0-1: Ball 1-1: Foul Ball, location: 2F 1-2: Foul Ball, location: 2F 1-2: Ground out U3 (Groundball, 3S, EV 90.0 MPH)
|
Batting: RHB Juan Rosa
|
0-0: Ball 1-0: Ball 2-0: Called Strike 2-1: Foul Ball, location: 2F 2-2: Strikes out swinging
|
Top of the 6th over - 0 runs, 0 hits, 0 errors, 0 left on base; Burlington 4 - Beloit 1 |
BOTTOM OF THE 6TH |
Beloit Snappers batting - Pitching for Burlington Bees : RHP Devin Spears
|
Batting: RHB Manny Moron
|
0-0: SINGLE (Groundball, 56D, EV 100.0 MPH)
|
Batting: RHB Mike Gangi
|
0-0: Called Strike 0-1: Ball 1-1: Ball 2-1: Foul Ball, location: 2F 2-2: Strikes out swinging
|
Batting: RHB Rafael Alarcon
|
0-0: Ball Manny Moron steals 2nd base (no throw) 1-0: Called Strike 1-1: Called Strike Manny Moron steals 3rd base (no throw) 1-2: Ball 2-2: Ball 3-2: Fly out, F6 (Popup, 6MS, EV 78.8 MPH)
|
Batting: RHB Chris Temple
|
0-0: Ball 1-0: Ball 2-0: Swinging Strike 2-1: Swinging Strike 2-2: Foul Ball, location: 2F 2-2: Ball 3-2: Strikes out swinging
|
Bottom of the 6th over - 0 runs, 1 hit, 0 errors, 1 left on base; Burlington 4 - Beloit 1 |
TOP OF THE 7TH |
Burlington Bees batting - Pitching for Beloit Snappers : LHP Alex Shannon
|
Pitching: RHP Marvin Rosas
|
|
Batting: RHB Sean Rocha
|
0-0: Swinging Strike 0-1: Foul Ball, location: 2F 0-2: Strikes out swinging
|
Batting: RHB Dan Burkhart
|
0-0: Ball 1-0: Called Strike 1-1: Swinging Strike 1-2: Foul Ball, location: 2F 1-2: Reached on error, E5 (Groundball, 56, EV 80.6 MPH)
|
Batting: RHB David Rhodes
|
0-0: DOUBLE (Line Drive, 78M, EV 105.6 MPH) Dan Burkhart to third Runner from 3rd tries for Home, SAFE, throw by LF to trailing runner, SAFE at third!
|
Batting: RHB Peter Westover
|
0-0: Ground out 1-3 (Groundball, P, EV 63.1 MPH)
|
Batting: RHB Dean LeCroy
|
0-0: Foul Ball, location: 2F 0-1: Ball 1-1: Swinging Strike 1-2: Ball 2-2: Foul Ball, location: 2F 2-2: Strikes out swinging
|
Top of the 7th over - 1 run, 1 hit, 1 error, 1 left on base; Burlington 5 - Beloit 1 |
BOTTOM OF THE 7TH |
Beloit Snappers batting - Pitching for Burlington Bees : RHP Devin Spears
|
Pitching: RHP Tim Mumpower
|
|
Batting: RHB Walt Alaniz
|
0-0: Ball 1-0: Foul Ball, location: 2F 1-1: Ball 2-1: Ball 3-1: Foul Ball, location: 2F 3-2: Strikes out swinging
|
Batting: RHB Shannon Beck
|
0-0: Called Strike 0-1: Ball 1-1: Ground out 6-3 (Groundball, 6, EV 90.6 MPH)
|
Batting: RHB Jason Dove
|
0-0: Ball 1-0: Called Strike 1-1: Called Strike 1-2: Foul Ball, location: 2F 1-2: Ground out 6-3 (Groundball, 6MS, EV 79.4 MPH)
|
Bottom of the 7th over - 0 runs, 0 hits, 0 errors, 0 left on base; Burlington 5 - Beloit 1 |
TOP OF THE 8TH |
Burlington Bees batting - Pitching for Beloit Snappers : RHP Marvin Rosas
|
Batting: LHB Pavla Markianov
|
0-0: Foul Ball, location: 2F 0-1: Ball 1-1: DOUBLE (Line Drive, 89D, EV 111.9 MPH)
|
Batting: LHB Ramon Garduno
|
0-0: Called Strike 0-1: Foul Ball, location: 2F 0-2: Strikes out looking
|
Batting: LHB Alberto Carrillo
|
0-0: Ball 1-0: Ground out 4-3 (Groundball, 4, EV 89.4 MPH) Pavla Markianov to third
|
Batting: RHB Juan Rosa
|
0-0: Ball 1-0: Ball 2-0: Ball 3-0: Base on Balls
|
Batting: RHB Sean Rocha
|
0-0: Called Strike 0-1: Foul Ball, location: 2F 0-2: Ground out 4-3 (Groundball, 4, EV 86.2 MPH)
|
Top of the 8th over - 0 runs, 1 hit, 0 errors, 2 left on base; Burlington 5 - Beloit 1 |
BOTTOM OF THE 8TH |
Beloit Snappers batting - Pitching for Burlington Bees : RHP Tim Mumpower
|
Batting: RHB Moses Brokken
|
0-0: Ball 1-0: SINGLE (Groundball, 6MD, EV 101.2 MPH)
|
Batting: RHB Emiel Schlepers
|
0-0: Ball 1-0: Ball 2-0: Called Strike 2-1: Foul Ball, location: 2F 2-2: Ball 3-2: Base on Balls Moses Brokken to second
|
Pinch Hitting: LHB Roscoe Romaine
|
0-0: Ball 1-0: Ball 2-0: Fly out, F8 (Flyball, 8RD, EV 94.4 MPH) Runner from 2nd tags up, SAFE at 3rd with throw by CF
|
Pinch Hitting: LHB Alejandro Muniz
|
0-0: Called Strike 0-1: SINGLE (Groundball, 34, EV 103.8 MPH) (infield hit) Moses Brokken scores Emiel Schlepers to second
|
Batting: RHB Rafael Alarcon
|
0-0: Called Strike 0-1: Foul Ball, location: 2F 0-2: Foul Ball, location: 2F 0-2: Ball 1-2: Ball 2-2: Foul Ball, location: 2F 2-2: Grounds into double play, 6-4-3 (Groundball, 6, EV 81.2 MPH)
|
Bottom of the 8th over - 1 run, 2 hits, 0 errors, 1 left on base; Burlington 5 - Beloit 2 |
TOP OF THE 9TH |
Burlington Bees batting - Pitching for Beloit Snappers : RHP Marvin Rosas
|
Pitching: RHP Kyle Rasor
|
|
Now at 2B: Emiel Schlepers
|
|
Now at SS: Jamie Jennings
|
|
Now in CF: Nate Melendez
|
|
Batting: RHB Dan Burkhart
|
0-0: Called Strike 0-1: Ball 1-1: Ball 2-1: Ball 3-1: Base on Balls
|
Batting: RHB David Rhodes
|
0-0: Called Strike 0-1: Ball 1-1: Grounds into double play, 5-4-3 (Groundball, 56S, EV 85.0 MPH)
|
Batting: RHB Peter Westover
|
0-0: Foul Ball, location: 2F 0-1: Ball 1-1: Foul Ball, location: 2F 1-2: SINGLE (Groundball, 6MD, EV 107.5 MPH)
|
Batting: RHB Dean LeCroy
|
0-0: Ball Peter Westover is caught stealing 2nd base 2-4
|
Top of the 9th over - 0 runs, 1 hit, 0 errors, 0 left on base; Burlington 5 - Beloit 2 |
BOTTOM OF THE 9TH |
Beloit Snappers batting - Pitching for Burlington Bees : RHP Tim Mumpower
|
Pitching: RHP Chris DePalma
|
|
Batting: RHB Chris Temple
|
0-0: Ball 1-0: Ball 2-0: Called Strike 2-1: Foul Ball, location: 2F 2-2: Strikes out looking
|
Batting: RHB Walt Alaniz
|
0-0: Ball 1-0: SINGLE (Groundball, 6MD, EV 104.4 MPH)
|
Batting: RHB Shannon Beck
|
0-0: Called Strike 0-1: Ball 1-1: Called Strike 1-2: Ball 2-2: Foul Ball, location: 2F 2-2: Strikes out swinging
|
Pinch Hitting: LHB Ed Talamantes
|
0-0: Called Strike 0-1: Foul Ball, location: 2F 0-2: Foul Ball, location: 2F 0-2: Ball 1-2: Strikes out swinging
|
Bottom of the 9th over - 0 runs, 1 hit, 0 errors, 1 left on base; Burlington 5 - Beloit 2 |
|